 Dungeon Crawl Stone Soup version 0.25.0-46-gbd7b0854d2 (webtiles) character file.

Game seed: 17320009519830414582

19 Aviak the Chiller (level 2, 0/21 HPs)
             Began as a Demonspawn Ice Elementalist on July 12, 2020.
             Slain by an iron imp (5 damage)
             ... summoned by Natasha
             ... on level 2 of the Dungeon.
             The game lasted 00:01:29 (533 turns).

Aviak the Chiller (Demonspawn Ice Elementalist)      Turns: 533, Time: 00:01:30

Health: 0/21       AC:  2    Str:  8    XL:     2   Next: 55%
Magic:  3/5        EV: 12    Int: 16    God:
Gold:   18         SH:  0    Dex: 13    Spells: 4/5 levels left

rFire    . . .     SeeInvis .   d - +0 dagger (flame)
rCold    . . .     Gourm    .   (no shield)
rNeg     . . .     Faith    .   a - +0 robe
rPois    .         Spirit   .   (no helmet)
rElec    .         Reflect  .   (no cloak)
rCorr    .         Harm     .   (no gloves)
MR       .....                  (no boots)
Stlth    ++........             (no amulet)
HPRegen  0.07/turn              (no ring)
MPRegen  0.09/turn              (no ring)

@: no status effects
A: claws 1
a: no special abilities


You were on level 2 of the Dungeon.
You were not hungry.

You visited 1 branch of the dungeon, and saw 2 of its levels.

You collected 18 gold pieces.

Inventory:

Hand Weapons
 b - a +0 dagger
 d - a +0 dagger of flaming (weapon)
Armour
 a - a +0 robe (worn)
Scrolls
 e - a scroll of identify {unknown}
 f - a scroll of remove curse {unknown}
Potions
 g - a potion of lignification {unknown}
Comestibles
 c - 2 rations


   Skills:
 + Level 1.2 Fighting
 - Level 1.7 Dodging
 - Level 1.7 Stealth
 + Level 2.3 Spellcasting
 + Level 3.8 Ice Magic


You had 4 spell levels left.
You knew the following spells:

 Your Spells              Type           Power        Failure   Level  Hunger
a - Freeze                Ice            ##..         4%          1    #......

Your spell library contained the following spells:

 Spells                   Type           Power        Failure   Level  Hunger
 Frozen Ramparts          Ice            ##....       12%         3    ###....
 Ozocubu's Armour         Chrm/Ice       #.......     26%         3    ###....
 Hailstorm                Conj/Ice       #.......     65%         4    #####..
 Summon Ice Beast         Ice/Summ       #.......     65%         4    #####..


Dungeon Overview and Level Annotations

Branches:
Dungeon (1/15)

Altars:

Annotations:
D:2 Natasha


Innate Abilities, Weirdness & Mutations

You have sharp fingernails.


Message History

The crimson imp hits you but does no damage.
The crimson imp blinks!
The dart slug launches a dart at you. The slug dart misses you.
The shadow imp hits you.
You hit the shadow imp but do no damage.
The shadow imp hits you.
* * * LOW HITPOINT WARNING * * *
Unknown command.
The dart slug bites you.
* * * LOW HITPOINT WARNING * * *
Unknown command.
Casting: Freeze (safe; 4% risk of failure)
Confirm with . or Enter, or press ? or * to list all spells.
Aiming: Freeze (safe; 4% risk of failure)
Press: ? - help, Shift-Dir - straight line, f - dart slug
Aim: a dart slug You freeze the dart slug.
The dart slug is heavily wounded.
The iron imp hits you.
You die...

.......##†.#.......#.[...J....
.###...##..#..................
.####..##..........#..........
.....#..#.#........#..........
####.........).#####......$w.#
.................)w?......>...
...............#h#............
...............55wJ#..........
................@#............
..............................
................###.#........#
................# #).#......#
................# ##.#####.#
................# ..
######..........# ###........#
.........#


You could see a worm, an iron imp (summoned), Natasha, an ooze, a shadow imp
(summoned) and a dart slug.

Vanquished Creatures
  An ooze (D:2)
  2 dart slugs (D:1)
  3 goblins (D:1)
  A hobgoblin (D:2)
  3 bats (D:2)
  A frilled lizard (D:2)
  A rat (D:2)
12 creatures vanquished.

Notes
Turn   | Place    | Note
-------+----------+-------------------------------------------
     0 | D:1      | Aviak the Demonspawn Ice Elementalist began the quest for
                  | the Orb.
     0 | D:1      | Reached XP level 1. HP: 13/13 MP: 3/3
   328 | D:1      | Gained mutation: You have sharp fingernails. [demonic
                  | ancestry]
   328 | D:1      | Reached XP level 2. HP: 19/20 MP: 5/5
   345 | D:1      | You fall into a shaft and drop 1 floor!
   382 | D:2      | Reached skill level 1 in Fighting
   513 | D:2      | Noticed Natasha
   522 | D:2      | Noticed a crimson imp
   533 | D:2      | Slain by an iron imp

Illustrated notes

Levels and vault maps discovered:
D:1:      scummos_arrival_star, layout_loops_ring
D:2:      layout_rooms, uniq_natasha

Skill      XL: |  1  2 |
---------------+-------+-----
Fighting       | 1 |  1.2
Dodging        | |  1.7
Stealth        | |  1.7
Spellcasting   | |  2.3
Ice Magic      | |  3.8

Action                   || total
-------------------------++-------
Melee: Dagger            ||    23
 Cast: Freeze            ||    10
 Stab: Sleeping          ||     2
Armor: Robe              ||     6
Dodge: Dodged            ||    18
